 Dungeon Crawl Stone Soup version 0.29-a0-419-g77450f2105 (webtiles) character file.

Game seed: 5491468466753282858

208 KhasaRR the Changer (level 5, -4/43 HPs)
             Began as a Gnoll Wanderer on May 18, 2022.
             Was a Believer of the Shining One.
             Slain by a two-headed ogre
             ... wielding a +0 giant club
              (30 damage)
             ... on level 4 of the Dungeon.
             The game lasted 00:13:24 (2826 turns).

KhasaRR the Changer (Gnoll Wanderer)                Turns: 2826, Time: 00:13:28

Health: -4/43      AC:  6    Str: 16    XL:     5   Next: 86%
Magic:  9/9        EV: 11    Int: 11    God:    the Shining One [**....]
Gold:   79         SH:  0    Dex: 10    Spells: 6/10 levels left

rFire   . . .      SeeInvis +   i - +9 dagger of the Pits of Slime {flame, rC++ Will- Str+3 SInv}
rCold   + + .      Faith    .   (no shield)
rNeg    + . .      Spirit   .   j - +0 ring mail
rPois   .          Reflect  .   (helmet currently unavailable)
rElec   .          Harm     .   (no cloak)
rCorr   .          Rampage  .   k - +0 pair of gloves
Will    .....                   (boots currently unavailable)
Stlth   +.........              (no amulet)
HPRegen 0.14/turn               (no ring)
MPRegen 0.11/turn               (no ring)

@: appendages, glowing
A: horns 2, talons 2, fangs 1, strong nose, distributed training, deterioration
1, weak 1, wild magic 1
a: End Transformation, Renounce Religion, Divine Shield


You were on level 4 of the Dungeon.
You worshipped the Shining One.
The Shining One was pleased with you.
You had temporarily grown beastly horns and talons.
You visited 1 branch of the dungeon, and saw 4 of its levels.

You collected 105 gold pieces.
You spent 26 gold pieces at shops.

Inventory:

Hand Weapons
 a - a +0 club
 h - a +4 rapier
 i - the +9 dagger of the Pits of Slime (weapon) {flame, rC++ Will- Str+3 SInv}
   (You found it on level 2 of the Dungeon)

   It burns those it strikes, dealing additional fire damage.
   Str:       It affects your strength (+3).
   rC:        It greatly protects you from cold.
   SInv:      It lets you see invisible.
   Will:      It decreases your willpower.
Armour
 c - a +0 leather armour
 j - a +0 ring mail (worn)
 k - a +0 pair of gloves (worn)
Wands
 o - a wand of mindburst (4)
Scrolls
 b - a scroll of blinking
 e - a scroll of immolation {unknown}
 m - a scroll of teleportation
 p - a scroll of enchant armour
 r - a scroll of fear {unknown}
Potions
 d - 2 potions of curing
 f - a potion of lignification {unknown}
 g - a potion of heal wounds
 l - a potion of degeneration {unknown}
 n - a potion of berserk rage
 q - a potion of haste {unknown}


   Skills:
 + Level 4.8 Fighting
 + Level 1.6 Short Blades
 + Level 1.6 Long Blades
 + Level 1.6 Axes
 + Level 1.6 Maces & Flails
 + Level 1.6 Polearms
 + Level 1.6 Staves
 + Level 1.6 Slings
 + Level 1.6 Bows
 + Level 1.6 Crossbows
 + Level 1.6 Throwing
 + Level 1.6 Armour
 + Level 3.1 Dodging
 + Level 1.6 Stealth
 + Level 1.6 Shields
 + Level 1.6 Unarmed Combat
 + Level 3.2 Spellcasting
 + Level 1.3 Conjurations
 + Level 1.3 Hexes
 + Level 1.3 Summonings
 + Level 4.0 Necromancy
 + Level 1.3 Translocations
 + Level 7.2 Transmutations
 + Level 1.3 Fire Magic
 + Level 1.3 Ice Magic
 + Level 1.3 Air Magic
 + Level 1.3 Earth Magic
 + Level 1.3 Poison Magic
 + Level 1.9 Invocations
 + Level 1.6 Evocations


You had 6 spell levels left.
You knew the following spells:

 Your Spells              Type           Power      Damage    Failure   Level
a - Beastly Appendage     Tmut           46%        N/A       4%          1
b - Spider Form           Tmut/Pois      14%        N/A       32%         3

Your spell library contained the following spells:

 Spells                   Type           Power      Damage    Failure   Level
 Animate Skeleton         Necr           26%        N/A       13%         1
 Sting                    Tmut/Pois      56%        1d5       13%         1
 Vampiric Draining        Necr           13%        2d6       34%         3
 Freeze                   Ice            24%        1d5       36%         1
 Frozen Ramparts          Ice            12%        1d3       71%         3
 Tukima's Dance           Hex            6%         N/A       71%         3
 Yara's Violent Unravell  Hex/Tmut       7%         3d5       95%         5
 Hailstorm                Conj/Ice       6%         3d4       97%         4
 Passage of Golubria      Tloc           6%         N/A       97%         4


Dungeon Overview and Level Annotations

Branches:
Dungeon (4/15)
 Temple: D:4-7

Altars:
The Shining One

Shops:
D:3 ?


Innate Abilities, Weirdness & Mutations

You have temporarily grown beastly horns and talons.
You have very sharp teeth.
Your uncanny sense of smell can sniff out nearby items.
Your experience applies equally to all skills.
Your body sometimes deteriorates upon taking damage.
You are weak. (Str -2)
Your spells are a little harder to cast, but a little more powerful.


Message History

You start waiting.
You recover from your berserk rage.
You see here an adder corpse.
Found an escape hatch in the floor.
A two-headed ogre comes into view. It is wielding two +0 giant clubs.
The two-headed ogre shouts in stereo!
Casting: Beastly Appendage (safe; 4% risk of failure)
Confirm with . or Enter, or press ? or * to list all spells.
You grow a pair of large bovine horns.
Your feet morph into talons.
Aiming: Mindburst
Press: ? - help, Q - select action, (/) - cycle Shift-Dir - straight line, f - two-headed ogre
Aim: a two-headed ogre, wielding two +0 giant clubs (chance to affect: 54%)
The two-headed ogre resists with significant effort.
You hear an angry hiss.
An adder comes into view.
Aiming: Mindburst
Press: ? - help, Q - select action, (/) - cycle Shift-Dir - straight line, f/p - two-headed ogre
Aim: a two-headed ogre, wielding two +0 giant clubs (chance to affect: 54%)
The two-headed ogre resists with significant effort.
An ufetubus comes into view.
The ufetubus attacks as you move away! The ufetubus closely misses you.
The ufetubus barely misses you.
The ufetubus hits you but does no damage.
The ufetubus misses you.
You hit the ufetubus. You burn the ufetubus.
You kill the ufetubus!
The Shining One accepts your kill.
You feel your power returning.
Aiming: Mindburst
Press: ? - help, Q - select action, (/) - cycle Shift-Dir - straight line, f/p - two-headed ogre
Aim: a two-headed ogre, wielding two +0 giant clubs (haloed, chance to affect: 54%)
The two-headed ogre's minds are blasted!!
You hit the two-headed ogre. You burn the two-headed ogre.
You claw the two-headed ogre! You headbutt the two-headed ogre.
You bite the two-headed ogre, but do no damage.
The two-headed ogre is severely wounded.
The two-headed ogre hits you with a +0 giant club!
The two-headed ogre hits you with a +0 giant club!!
Ouch! That really hurt!
You die...

#.### # #####.>.#
.# #.....#.###.###
āˆ†#.....#.......#
#.....#......[+
#.....#.......#
#####.....#.......#
..........O@......#
#####.####Sā€
..##### # #....#
##....# +.....#
##....### āˆ†
#.##.##...#
#....##...#####.#
#...............


You could see a two-headed ogre and an adder.

Vanquished Creatures
  2 vampire bats (D:3)
  A hound (D:3)
  An orc wizard (D:3)
  2 adders
  An ufetubus (D:4)
  A worm (D:3)
  A dart slug (D:2)
  2 orcs (D:3)
  4 giant cockroaches
  4 goblins
  5 hobgoblins
  A quokka (D:2)
  4 ball pythons
  11 bats
  7 frilled lizards
  3 kobolds
  4 rats
54 creatures vanquished.

Vanquished Creatures (others)
  A kobold (D:1)
1 creature vanquished.

Grand Total: 55 creatures vanquished

Notes
Turn   | Place    | Note
-------+----------+-------------------------------------------
     0 | D:1      | KhasaRR the Gnoll Wanderer began the quest for the Orb.
     0 | D:1      | KhasaRR set off with the following items: a +0 club, a
                  | scroll of blinking, a +0 leather armour, a potion of
                  | curing; and the following spells available to memorise:
                  | Beastly Appendage, Animate Skeleton, Sting, Spider Form,
                  | Vampiric Draining
     0 | D:1      | Reached XP level 1. HP: 20/20 MP: 4/4
     2 | D:1      | Learned a level 1 spell: Beastly Appendage
   377 | D:1      | Found a faded altar of an unknown god.
   393 | D:1      | Prayed at the altar of an unknown god.
   393 | D:1      | Became a worshipper of the Shining One
   393 | D:1      | Reached * piety under the Shining One
   421 | D:1      | Reached XP level 2. HP: 24/26 MP: 5/5
   938 | D:2      | Identified the +9 dagger of the Pits of Slime {flame, rC++
                  | Will- Str+3 SInv}
  1292 | D:2      | Reached XP level 3. HP: 31/31 MP: 7/7
  1555 | D:3      | Learned a level 3 spell: Spider Form
  1647 | D:3      | Found Vamepni's Magic Scroll Shop.
  1651 | D:3      | Reached skill level 1 in Invocations
  1654 | D:3      | Bought a scroll of identify for 26 gold pieces
  1656 | D:3      | Gained mutation: You are robust. (+10% HP) [potion of
                  | mutation]
  1657 | D:3      | Lost mutation: You are robust. (+10% HP) [potion of
                  | mutation]
  1657 | D:3      | Gained mutation: Your muscles are strong. (Str +2) [potion
                  | of mutation]
  1657 | D:3      | Gained mutation: You are somewhat resistant to further
                  | mutation. [potion of mutation]
  1726 | D:3      | Reached skill level 1 in Short Blades
  1726 | D:3      | Reached skill level 1 in Long Blades
  1726 | D:3      | Reached skill level 1 in Axes
  1726 | D:3      | Reached skill level 1 in Maces & Flails
  1726 | D:3      | Reached skill level 1 in Polearms
  1726 | D:3      | Reached skill level 1 in Staves
  1726 | D:3      | Reached skill level 1 in Slings
  1726 | D:3      | Reached skill level 1 in Bows
  1726 | D:3      | Reached skill level 1 in Crossbows
  1726 | D:3      | Reached skill level 1 in Throwing
  1726 | D:3      | Reached skill level 1 in Armour
  1726 | D:3      | Reached skill level 1 in Stealth
  1726 | D:3      | Reached skill level 1 in Shields
  1726 | D:3      | Reached skill level 1 in Unarmed Combat
  1726 | D:3      | Reached skill level 1 in Evocations
  1726 | D:3      | Reached XP level 4. HP: 22/38 MP: 1/8
  2170 | D:3      | Lost mutation: Your muscles are strong. (Str +2) [potion of
                  | mutation]
  2170 | D:3      | Lost mutation: You are somewhat resistant to further
                  | mutation. [potion of mutation]
  2170 | D:3      | Gained mutation: You possess an exceptional clarity of
                  | mind. [potion of mutation]
  2170 | D:3      | Gained mutation: You are partially covered in iridescent
                  | scales. (AC +2) [potion of mutation]
  2171 | D:3      | Lost mutation: You are partially covered in iridescent
                  | scales. (AC +2) [potion of mutation]
  2171 | D:3      | Lost mutation: You possess an exceptional clarity of mind.
                  | [potion of mutation]
  2171 | D:3      | Gained mutation: Your body sometimes deteriorates upon
                  | taking damage. [potion of mutation]
  2171 | D:3      | Gained mutation: Your spells are a little harder to cast,
                  | but a little more powerful. [potion of mutation]
  2171 | D:3      | Gained mutation: You are weak. (Str -2) [potion of
                  | mutation]
  2377 | D:3      | Reached skill level 1 in Conjurations
  2377 | D:3      | Reached skill level 1 in Hexes
  2377 | D:3      | Reached skill level 1 in Summonings
  2377 | D:3      | Reached skill level 1 in Translocations
  2377 | D:3      | Reached skill level 1 in Fire Magic
  2377 | D:3      | Reached skill level 1 in Ice Magic
  2377 | D:3      | Reached skill level 1 in Air Magic
  2377 | D:3      | Reached skill level 1 in Earth Magic
  2377 | D:3      | Reached skill level 1 in Poison Magic
  2377 | D:3      | Reached XP level 5. HP: 43/43 MP: 9/9
  2816 | D:4      | Noticed a two-headed ogre
  2818 | D:4      | Reached ** piety under the Shining One
  2826 | D:4      | Slain by a two-headed ogre

Illustrated notes

Levels and vault maps discovered:
D:1:      shiori_arrival_oz, layout_rooms, ebering_ecumenical_altar_petrified,
          minmay_misc_feat_four_crosses
D:2:      layout_loops_ring, minmay_quadrilaterals
D:3:      layout_loops_corners, serial_shops, shop, roderic_batcave
D:4:      layout_basic, nicolae_sif_muna_condensation, serial_shops,
          nicolae_shop_hallway_plus, kennysheep_little_box

Skill      XL: |  1  2  3  4  5 |
---------------+----------------+-----
Invocations    | 1 |  1.9
Short Blades   | 1 |  1.6
Long Blades    | 1 |  1.6
Axes           | 1 |  1.6
Maces & Flails | 1 |  1.6
Polearms       | 1 |  1.6
Staves         | 1 |  1.6
Slings         | 1 |  1.6
Bows           | 1 |  1.6
Crossbows      | 1 |  1.6
Throwing       | 1 |  1.6
Armour         | 1 |  1.6
Stealth        | 1 |  1.6
Shields        | 1 |  1.6
Unarmed Combat | 1 |  1.6
Evocations     | 1 |  1.6
Spellcasting   | 3 |  3.2
Conjurations   | 1 |  1.3
Hexes          | 1 |  1.3
Summonings     | 1 |  1.3
Translocations | 1 |  1.3
Fire Magic     | 1 |  1.3
Ice Magic      | 1 |  1.3
Air Magic      | 1 |  1.3
Earth Magic    | 1 |  1.3
Poison Magic   | 1 |  1.3
Dodging        | 3 |  3.1
Necromancy     | 4 |  4.0
Fighting       | |  4.8
Transmutations | |  7.2

Action                   |  1- 3 |  4- 6 || total
-------------------------+-------+-------++-------
Melee: Club              |    47 |       ||    47
       Bite              |     5 |     5 ||    10
       Headbutt          |     4 |     1 ||     5
       Kick              |     2 |     1 ||     3
       Dagger            |    19 |    46 ||    65
       Punch             |     1 |       ||     1
       Unarmed           |     6 |     6 ||    12
 Cast: Beastly Appendage |     2 |     2 ||     4
       Spider Form       |     1 |       ||     1
Evoke: Wand              |       |     3 ||     3
  Use: Scroll            |     3 |     1 ||     4
       Potion            |     2 |     3 ||     5
Armor: Leather armour    |    16 |       ||    16
       Ring mail         |     4 |    43 ||    47
Dodge: Dodged            |    42 |    50 ||    92

Table legend: (Time is in decaauts)
 A = Elapsed time spent in this place.
 B = Non-inter-level travel time spent in this place.
 C = Inter-level travel time spent in this place.
 D = Time resting spent in this place.
 E = Time spent auto-exploring this place.
 F = Levels seen in this place.
 G = Mean time per level.
                   A        B        C        D        E       F      G
               +--------+--------+--------+--------+--------+-----+--------+
         Total |   2847 |   2696 |    151 |     50 |   2251 |   4 |  711.8 |
       Dungeon |   2847 |   2696 |    151 |     50 |   2251 |   4 |  711.8 |
               +--------+--------+--------+--------+--------+-----+--------+

Top non-repeatable levels by time:
     D:3: 1208 daAuts
     D:1: 883 daAuts
     D:2: 673 daAuts
     D:4: 82 daAuts
